 Dungeon Crawl Stone Soup version 0.30.0-19-g36f170ea60 (webtiles) character file.

Game seed: 16686492845618210261

5278 Diggabert the Basher (level 10, 0/76 HPs)
             Began as a Human Gladiator on May 28, 2023.
             Was a Believer of the Shining One.
             Slain by a two-headed ogre
             ... wielding a +0 great mace
              (13 damage)
             ... on level 9 of the Dungeon.
             The game lasted 00:16:17 (9312 turns).

Diggabert the Basher (Human Gladiator)              Turns: 9312, Time: 00:16:17

Health: 0/76       AC: 14    Str: 24    XL:     10   Next: 94%
Magic:  13/13      EV: 14    Int: 10    God:    the Shining One [**....]
Gold:   606        SH:  5    Dex: 14    Spells: 9/9 levels left

rFire   . . .        G - +2 whip (venom)
rCold   + . .        (no shield)
rNeg    + . .        y - +4 ring mail
rPois   .            c - +0 helmet
rElec   .            (no cloak)
rCorr   .            P - +0 pair of gloves
SInv    .            j - +0 pair of boots
Will    .....        r - amulet of reflection
Stlth   +            o - +6 ring of strength
HPRegen 0.32/turn    s - ring of protection from cold
MPRegen 0.13/turn

%: reflection
@: glowing
A: no striking features
a: Renounce Religion, Divine Shield


You were on level 9 of the Dungeon.
You worshipped the Shining One.
The Shining One was pleased with you.
You visited 2 branches of the dungeon, and saw 10 of its levels.

You collected 606 gold pieces.

Inventory:

Hand Weapons
 a - a +0 flail
 G - a +2 whip of venom (weapon)
 N - a +0 whip of venom
 S - a +0 trident
Missiles
 d - 4 throwing nets
 e - 12 javelins
 x - 16 poisoned darts (quivered)
Armour
 c - a +0 helmet (worn)
 j - a +0 pair of boots (worn)
 y - a +4 ring mail (worn)
 P - a +0 pair of gloves (worn)
Jewellery
 o - a +6 ring of strength (left hand)
 r - an amulet of reflection (around neck)
 s - a ring of protection from cold (right hand)
 D - an amulet of regeneration
Wands
 C - a wand of iceblast (11)
 O - a wand of mindburst (11)
 T - a wand of flame (10)
Scrolls
 b - a scroll of torment {unknown}
 f - a scroll of noise
 g - 4 scrolls of teleportation
 k - 2 scrolls of blinking
 p - a scroll of vulnerability {unknown}
 q - 3 scrolls of immolation
 t - 3 scrolls of fog
 u - 2 scrolls of magic mapping
 v - 2 scrolls of butterflies {unknown}
 w - a scroll of enchant armour {unknown}
 A - a scroll of enchant weapon {unknown}
 H - a scroll of poison {unknown}
 I - a scroll of silence {unknown}
 J - a scroll of fear {unknown}
 L - 2 scrolls of amnesia {unknown}
 R - a scroll of acquirement {unknown}
Potions
 h - 6 potions of curing
 i - a potion of lignification
 l - 3 potions of might
 m - a potion of heal wounds {unknown}
 n - 2 potions of mutation {unknown}
 z - a potion of cancellation {unknown}
 B - 2 potions of resistance
 E - 3 potions of magic
 F - 2 potions of degeneration {unknown}
 K - 3 potions of attraction {unknown}
 M - a potion of berserk rage {unknown}
 Q - a potion of flight {unknown}


   Skills:
 * Level 6.2 Fighting
 * Level 10.0 Maces & Flails
 - Level 2.0 Throwing
 * Level 6.4 Armour
 * Level 6.4 Dodging
 * Level 4.2 Shields
 * Level 4.6 Invocations


You had 9 spell levels left.
You didn't know any spells.
Your spell library contained the following spells:

 Spells                   Type           Power      Damage    Failure   Level
 Necrotise                Necr           0%         1d4       50%         1
 Call Canine Familiar     Summ           0%         N/A       86%         3
 Inner Flame              Hex/Fire       0%         N/A       86%         3
 Portal Projectile        Hex/Tloc       0%         N/A       86%         3
 Vampiric Draining        Necr           0%         2d6       86%         3
 Leda's Liquefaction      Hex/Erth       0%         N/A       99%         4
 Agony                    Necr           0%         N/A       100%        5
 Yara's Violent Unravell  Hex/Tmut       0%         3d3       100%        5
 Enfeeble                 Hex            0%         N/A       100%        7


Dungeon Overview and Level Annotations

Branches:
Dungeon (9/15)             Temple (1/1) D:4            Lair (0/5) D:8
    Orc: D:9-12

Altars:
Cheibriados
Elyvilon
Gozag
Hepliaklqana
Kikubaaqudgha
Qazlal
Trog
Vehumet
Xom
The Shining One

Shops:
D:3 [   D:4 [[   D:5 *


Message History

The two-headed ogre shouts in stereo!
The two-headed ogre barely misses you.
The two-headed ogre hits you with a +0 giant spiked club!
You whack the two-headed ogre!
The two-headed ogre is lightly wounded.
You whack the two-headed ogre!
The two-headed ogre is poisoned.
The two-headed ogre is moderately wounded.
The two-headed ogre hits you with a +0 great mace!
The two-headed ogre hits you with a +0 giant spiked club!
You hit the two-headed ogre.
The two-headed ogre looks as sick as possible!
The two-headed ogre is moderately wounded.
You whack the two-headed ogre!
The two-headed ogre looks as sick as possible!
The two-headed ogre is heavily wounded.
The two-headed ogre hits you with a +0 great mace.
The two-headed ogre hits you but does no damage.
You hit the two-headed ogre.
The two-headed ogre looks as sick as possible!
The two-headed ogre is severely wounded.
You hit the two-headed ogre.
The two-headed ogre looks as sick as possible!
The two-headed ogre is severely wounded.
You hit the two-headed ogre.
The two-headed ogre looks as sick as possible!
The two-headed ogre is severely wounded.
The two-headed ogre hits you with a +0 great mace!!
* * * LOW HITPOINT WARNING * * *
The two-headed ogre hits you with a +0 giant spiked club.
* * * LOW HITPOINT WARNING * * *
You hit the two-headed ogre but do no damage.
The two-headed ogre looks as sick as possible!
The two-headed ogre is severely wounded.
Unknown command.
You hit the two-headed ogre.
The two-headed ogre looks as sick as possible!
The two-headed ogre is almost dead.
You block the two-headed ogre's attack.
The two-headed ogre hits you with a +0 giant spiked club!
You die...

...................# #
............##.##..# #
............+..##..#####
............#####.......
..).....................
.#.........#####.......
..#.........#####.##....
..................###...
.......@..######### #...
.......O..# #...
....$.$...# #.#.
..........<# #.#<
...........# #.##
......##'#.# #... ......
...# ##.# .....# ####
#########.. #........##


You could see a two-headed ogre (extremely poisoned).

Vanquished Creatures
  Joseph (D:8)
  Maggie (D:8)
  A komodo dragon (D:7)
  A hornet (D:9)
  A yak (D:7)
  An ice beast (D:7)
  4 orc warriors
  3 sky beasts
  2 black bears
  5 ogres
  4 centaurs
  A phantom (D:6)
  2 kobold brigands
  2 scorpions
  3 bullfrogs
  12 killer bees
  6 howler monkeys
  6 hounds
  A gnoll bouda (D:8)
  7 orc priests
  3 jellies
  3 iguanas
  A sleepcap (D:6)
  6 orc wizards
  13 gnolls
  3 adders
  5 shadow imps
  7 white imps
  4 ufetubi
  2 worms (D:2)
  5 dart slugs
  31 orcs
  4 ball pythons
  7 bats
  10 endoplasms
  4 giant cockroaches
  5 goblins
  5 hobgoblins
  3 jackals (D:2)
  23 kobolds
  3 quokkas
  6 frilled lizards
  4 rats
221 creatures vanquished.

Notes
Turn   | Place    | Note
-------+----------+-------------------------------------------
     0 | D:1      | Diggabert the Human Gladiator began the quest for the Orb.
     0 | D:1      | Reached XP level 1. HP: 16/16 MP: 1/1
   125 | D:1      | Reached XP level 2. HP: 21/22 MP: 2/2
   229 | D:1      | Reached XP level 3. HP: 26/27 MP: 3/3
  1214 | D:2      | Reached XP level 4. HP: 27/33 MP: 4/4
  1308 | D:2      | Reached skill level 1 in Armour
  1555 | D:2      | Reached skill level 4 in Maces & Flails
  1782 | D:2      | Found a bloodstained altar of Trog.
  2021 | D:2      | Reached XP level 5. HP: 12/36 MP: 5/5
  2133 | D:3      | Found Udiawn's Armour Boutique.
  2497 | D:3      | Found a faded altar of an unknown god.
  2627 | D:4      | Found Yfiemaut's Antique Armour Shoppe.
  2747 | D:3      | Reached XP level 6. HP: 38/46 MP: 6/6
  2787 | D:3      | Reached skill level 5 in Maces & Flails
  3298 | D:4      | Reached XP level 7. HP: 49/52 MP: 7/7
  3489 | D:4      | Reached skill level 1 in Shields
  3505 | D:4      | Reached skill level 6 in Maces & Flails
  3661 | D:4      | Found Dogukapu's Antique Armour Boutique.
  3777 | D:4      | Found a staircase to the Ecumenical Temple.
  3781 | Temple   | Entered the Ecumenical Temple
  3786 | Temple   | Became a worshipper of the Shining One
  3939 | D:5      | Entered Level 5 of the Dungeon
  4060 | D:5      | Reached XP level 8. HP: 51/59 MP: 8/8
  4261 | D:5      | Found Wotov's Overcharged Wands.
  4388 | D:5      | Reached skill level 1 in Invocations
  4782 | D:5      | Reached skill level 7 in Maces & Flails
  5439 | D:6      | Reached XP level 9. HP: 59/65 MP: 10/10
  5489 | D:6      | Reached * piety under the Shining One
  5822 | D:6      | Reached skill level 8 in Maces & Flails
  6565 | D:7      | Reached skill level 5 in Dodging
  7053 | D:7      | Reached skill level 5 in Armour
  7165 | D:8      | Reached skill level 5 in Fighting
  7429 | D:8      | Noticed a komodo dragon
  7503 | D:7      | Killed a komodo dragon
  7504 | D:7      | Reached skill level 9 in Maces & Flails
  7504 | D:7      | Reached XP level 10. HP: 21/74 MP: 12/12
  8168 | D:8      | Found a staircase to the Lair.
  8266 | D:8      | Noticed Joseph
  8285 | D:8      | Killed Joseph
  8369 | D:8      | Found an ancient bone altar of Kikubaaqudgha.
  8370 | D:8      | Noticed Maggie
  8373 | D:8      | Found a white marble altar of Elyvilon.
  8392 | D:8      | Killed Maggie
  8489 | D:8      | Found a radiant altar of Vehumet.
  8934 | D:9      | Reached ** piety under the Shining One
  9174 | D:9      | Reached skill level 10 in Maces & Flails
  9300 | D:9      | Noticed a two-headed ogre
  9312 | D:9      | Slain by a two-headed ogre

Illustrated notes

Levels and vault maps discovered:
D:1:      sevenhm_arrival_forest_fort_small_5, layout_basic
D:2:      layout_loops_ring, basic_altar, lexackson_kobold_supper
D:3:      layout_basic, serial_shops, shop,
          shapermc_ecumenical_altar_mp_highgroup, minmay_misc_feat_enclosed
D:4:      layout_gridville, minmay_temple_entry_glassed_door, serial_demonic,
          serial_demonic_e, serial_demonic_b, serial_demonic_e,
          serial_demonic_a, serial_demonic_g, serial_demonic_d, serial_shops,
          shop, nicolae_stop_n_shop_2
D:5:      layout_basic, nicolae_shop_overcharged_wands
D:6:      layout_loops_ring
D:7:      layout_basic, roderic_lattice_a
D:8:      layout_cave_pools, minmay_overflow_temple_star_quad,
          grunt_lair_entry_orc_guard_hut, uniq_maggie, uniq_joseph
D:9:      layout_basic
Temple:   hellmonk_temple_of_storms

Skill      XL: |  1  2  3  4  5  6  7  8  9 10 |
---------------+-------------------------------+-----
Armour         | 1 2 3 4 5 6 |  6.4
Maces & Flails | 4 5 6 7 9 10 | 10.0
Fighting       | 3 4 5 6 |  6.2
Dodging        | 4 5 6 |  6.4
Shields        | 1 2 3 4 |  4.2
Invocations    | 2 3 4 |  4.6
Throwing       | |  2.0

Action                     |  1- 3 |  4- 6 |  7- 9 | 10-12 || total
---------------------------+-------+-------+-------+-------++-------
  Melee: Flail             |    74 |   186 |    76 |       ||   336
         Punch             |       |     4 |     4 |       ||     8
         Whip              |       |       |   276 |   287 ||   563
  Throw: Dart              |       |       |     5 |       ||     5
    Use: Scroll            |       |     4 |     5 |     2 ||    11
   Stab: Distracted        |       |     1 |       |       ||     1
         Sleeping          |       |     1 |       |       ||     1
 Armour: Leather armour    |    24 |    27 |       |       ||    51
         Ring mail         |       |    51 |   126 |    66 ||   243
  Dodge: Dodged            |    78 |   145 |   168 |   113 ||   504
  Block: Other             |       |    41 |    56 |    44 ||   141
         Reflection        |       |     1 |     8 |     1 ||    10
